 Dungeon Sprint DCSS version 0.27.0-65-ge2af304b15 (webtiles) character file.

Game seed: 4887313599327505497

106 ABBCCCDDDD the Chopper (level 4, 0/45 HPs)
             Began as a Minotaur Berserker on Aug 18, 2021.
             Was a Priest of Trog.
             Slain by a fire elemental (8 damage)
             ... summoned by a deep elf pyromancer
             ... in the Dungeon (Sprint III: "The Ten Rune Challenge").
             The game lasted 00:01:07 (396 turns).

ABBCCCDDDD the Chopper (Minotaur Berserker)          Turns: 396, Time: 00:01:08

Health: 0/45       AC:  3    Str: 22    XL:     4   Next: 55%
Magic:  3/3        EV: 13    Int:  4    God:    Trog [***...]
Gold:   34         SH:  0    Dex: 10    Spells: 3/3 levels left

rFire    . . .     SeeInvis .   a - +0 hand axe
rCold    . . .     Faith    .   (no shield)
rNeg     . . .     Spirit   .   b - +0 animal skin
rPois    .         Reflect  .   (helmet restricted)
rElec    .         Harm     .   i - +0 cloak
rCorr    .         Rampage  .   (no gloves)
Will     .....     NoTele   +   (no boots)
Stlth    +.........             (no amulet)
HPRegen  0.15/turn              (no ring)
MPRegen  0.08/turn              (no ring)

@: on berserk cooldown, slowed, very slow
A: horns 2, retaliatory headbutt
a: Renounce Religion, Berserk, Trog's Hand


You were in the Dungeon.
You worshipped Trog.
Trog was most pleased with you.
You visited 1 branch You collected 34 gold pieces.

Inventory:

Hand Weapons
 a - a +0 hand axe (weapon)
Armour
 b - a +0 animal skin (worn)
 i - a +0 cloak (worn)
Scrolls
 h - a scroll of blinking
 j - 2 scrolls of holy word {unknown}
 l - a scroll of torment {unknown}
 m - 2 scrolls of identify
Potions
 c - 2 potions of curing
 d - a potion of heal wounds
 e - a potion of haste
 f - 2 potions of magic
 g - a potion of berserk rage
 k - a potion of flight {unknown}
 n - 2 potions of attraction {unknown}
 o - 4 potions of mutation


   Skills:
 + Level 6.5 Fighting
 + Level 6.5 Axes
 + Level 5.9 Armour
 + Level 5.3 Dodging


You had 3 spell levels left.
You didn't know any spells.
Your spell library was empty.

Dungeon Overview and Level Annotations

Branches:
Dungeon (1/1)

Altars:
Elyvilon
Zin
The Shining One


Innate Abilities, Weirdness & Mutations

You have a pair of horns on your head.
You reflexively headbutt those who attack you in melee.


Message History

You start waiting.
You feel your anger nearly subside.
You are no longer berserk.
You are exhausted.
You feel yourself slow down.
You start waiting.
You start waiting.
You feel yourself speed up.
You start waiting.
You recover from your berserk rage.
You open the door.
There is an open door to the Ecumenical Temple here.
You open the door.
Found three altars.
A deep elf pyromancer comes into view.
It is wielding a +1 long sword of holy wrath.
The deep elf pyromancer shouts!
Found a potion of curing.
There is an open door here.
A red film seems to cover your vision as you go berserk!
You feel yourself moving faster!
You feel mighty!
The deep elf pyromancer casts a spell.
The deep elf pyromancer blinks!
You feel a strong urge to attack something.
There is an open door here.
You feel your anger nearly subside.
You are no longer berserk.
You are exhausted.
You feel yourself slow down.
The deep elf pyromancer points at you and mumbles some strange words.
The bolt of fire hits you!!
Ouch! That really hurt!
You slash the deep elf pyromancer!
The deep elf pyromancer is moderately wounded.
The deep elf pyromancer hits you with a +1 long sword of holy wrath!
* * * LOW HITPOINT WARNING * * *
The deep elf pyromancer mumbles some strange words.
You hit the deep elf pyromancer.
The deep elf pyromancer is moderately wounded.
You hit the fire elemental but do no damage.
The fire elemental hits you. The fire elemental burns you!
You die...

▓▓▓▓▓▓▓ ▓▓▓ .'....♣♣♣
♣.##### .#......♣
♣.#___# ##.....♣♣
♣♣.#!..#
.#....≈.♣♣♣..###'#+###+#
.#...≈≈.♣♣.♣.#.E........
:#..≈≈≈≈♣.♣..'☼E@.......
'#..≈≈≈≈)≈.♣.#..e######+
.#.≈≈≈≈≈≈....#.⌠.#
.#.≈≈≈≈≈.....#...#
.#.≈≈≈.......#+###
##...........#
.............#
▓▓▓▓▓▓▓▓▓▓▓▓▓▓


You could see a deep elf pyromancer and 2 fire elementals.

Levels and vault maps discovered:
D:        dungeon_sprint_mu [sprint_mu_entry_forest, sprint_mu_temple_rooms,
          sprint_mu_d1_horrors, sprint_mu_d2_genie, sprint_mu_d3_branching,
          sprint_mu_orc_legion, sprint_mu_elf_gauntlet, sprint_mu_hive_nellie,
          sprint_mu_lair_fedhas, sprint_mu_vaults_butterflies,
          sprint_mu_slime_circle, sprint_mu_swamp_cave, sprint_mu_snake_twists,
          sprint_mu_blade_basic, sprint_mu_crypt_chambers,
          sprint_mu_tomb_spiral, sprint_mu_vestibule_basic,
          sprint_mu_gehenna_hellfire, sprint_mu_dis_giant,
          sprint_mu_tartarus_statrot, sprint_mu_cocytus_islands, sprint_mu_zot1]

Notes
Turn   | Place    | Note
-------+----------+-------------------------------------------
     0 | D        | ABBCCCDDDD the Minotaur Berserker began the quest for the
                  | Orb.
     0 | D        | Reached XP level 1. HP: 19/19 MP: 0/0
     9 | D        | Reached ** piety under Trog
    44 | D        | HP: 1/20 [human (1)]
    61 | D        | Reached XP level 2. HP: 17/28 MP: 1/1
   253 | D        | Noticed Crazy Yiuf
   259 | D        | Killed Crazy Yiuf
   260 | D        | Reached skill level 5 in Fighting
   260 | D        | Reached skill level 5 in Axes
   260 | D        | Reached XP level 3. HP: 36/36 MP: 2/2
   343 | D        | Noticed a water elemental
   346 | D        | Killed a water elemental
   346 | D        | Reached *** piety under Trog
   347 | D        | Reached skill level 5 in Armour
   347 | D        | Reached skill level 5 in Dodging
   347 | D        | Reached XP level 4. HP: 45/45 MP: 3/3
   388 | D        | Found a glowing silver altar of Zin.
   388 | D        | Found a glowing golden altar of the Shining One.
   388 | D        | Found a white marble altar of Elyvilon.
   389 | D        | Noticed a deep elf pyromancer
   396 | D        | Noticed a fire elemental
   396 | D        | Noticed a fire elemental
   396 | D        | Slain by a fire elemental

Table legend: (Time is in decaauts)
 A = Elapsed time spent in this place.
 B = Non-inter-level travel time spent in this place.
 C = Inter-level travel time spent in this place.
 D = Time resting spent in this place.
 E = Time spent auto-exploring this place.
 F = Levels seen in this place.
 G = Mean time per level.
                   A        B        C        D        E       F      G
               +--------+--------+--------+--------+--------+-----+--------+
         Total |    431 |    431 |      0 |    263 |      0 |   1 |  431.0 |
       Dungeon |    431 |    431 |      0 |    263 |      0 |   1 |  431.0 |
               +--------+--------+--------+--------+--------+-----+--------+

Top non-repeatable levels by time:
       D: 431 daAuts

Table legend:
 A = Kills in this place as a percentage of kills in entire the game.
 B = Kills by you in this place as a percentage of kills by you in the entire game.
 C = Kills by friends in this place as a percentage of kills by friends in the entire game.
 D = Other kills in this place as a percentage of other kills in the entire game.
 E = Experience gained in this place as a percentage of experience gained in the entire game.
 F = Experience gained in this place divided by the number of levels of this place that you have seen.
                   A       B       C       D       E      F
               +-------+-------+-------+-------+-------+----------------------
         Total | 100.0 | 100.0 |   N/A |   N/A | 100.0 | 152.0
       Dungeon | 100.0 | 100.0 |   N/A |   N/A | 100.0 | 152.0
               +-------+-------+-------+-------+-------+----------------------

Action                   |  1- 3 |  4- 6 || total
-------------------------+-------+-------++-------
Melee: Hand axe          |    19 |     2 ||    21
       Headbutt          |     4 |       ||     4
Invok: Berserk           |     3 |     1 ||     4
       Trog's Hand       |     1 |       ||     1
Armor: Animal skin       |     1 |     1 ||     2
Dodge: Dodged            |    12 |       ||    12

Vanquished Creatures
  A water elemental (D)
  Crazy Yiuf (D)
  A human (D)
  4 rats (D)
7 creatures vanquished.
